 Dungeon Crawl Stone Soup version 0.25.1-2-g60ff931df9 (webtiles) character file.

Game seed: 10681069501482642207

19 H0rd4k the Insei (level 2, -3/18 HPs)
             Began as an Octopode Transmuter on Aug 24, 2020.
             Slain by a gnoll
             ... wielding a +0 spear
              (7 damage)
             ... on level 1 of the Dungeon.
             The game lasted 00:00:21 (649 turns).

H0rd4k the Insei (Octopode Transmuter)               Turns: 649, Time: 00:00:21

Health: -3/18      AC:  1    Str:  9    XL:     2   Next: 75%
Magic:  5/5        EV: 13    Int: 15    God:
Gold:   20         SH:  0    Dex: 12    Spells: 4/5 levels left

rFire    . . .     SeeInvis .     - Unarmed
rCold    . . .     Gourm    .   (no shield)
rNeg     . . .     Faith    .   (helmet restricted)
rPois    .         Spirit   .   (no amulet)
rElec    .         Reflect  .   (no ring)
rCorr    .         Harm     .   (no ring)
MR       .....                  (no ring)
Stlth    ++........             (no ring)
HPRegen  0.06/turn              (no ring)
MPRegen  0.09/turn              (no ring)
                                (no ring)
                                (no ring)

@: no status effects
A: almost no armour, stealthy swim, amphibious, 8 rings, constrict 8, camouflage
1, gelatinous body 1
a: no special abilities


You were on level 1 of the Dungeon.
You were not hungry.

You visited 1 branch of the dungeon, and saw 1 of its levels.

You collected 20 gold pieces.

Inventory:

Missiles
 a - 41 arrows
Scrolls
 b - 2 scrolls of remove curse {unknown}
 d - a scroll of identify {unknown}
Comestibles
 c - a ration
 f - 4 chunks of flesh


   Skills:
 + Level 1.1 Fighting
 + Level 2.3 Dodging
 + Level 3.4 Unarmed Combat
 * Level 2.1 Spellcasting
 * Level 2.1 Transmutations


You had 4 spell levels left.
You knew the following spells:

 Your Spells              Type           Power        Failure   Level  Hunger
a - Beastly Appendage     Tmut           #.....       9%          1    #......

Your spell library contained the following spells:

 Spells                   Type           Power        Failure   Level  Hunger
 Sticks to Snakes         Tmut           #.......     14%         2    ###....
 Spider Form              Tmut/Pois      #.........   38%         3    ###....
 Ice Form                 Ice/Tmut       #.......     80%         4    #####..
 Blade Hands              Tmut           #.........   94%         5    ######.


Dungeon Overview and Level Annotations

Branches:
Dungeon (1/15)

Altars:


Innate Abilities, Weirdness & Mutations

You cannot wear most types of armour.
You are very stealthy in the water. (Stealth+)
You are amphibious.
You can wear up to eight rings at the same time.
You can use your tentacles to constrict eight enemies at once.
Your skin changes colour to match your surroundings (Stealth+).
Your rubbery body absorbs attacks. (AC +1, EV +1)


Message History

The gnoll completely misses you.
Found 16 gold pieces.
The kobold shouts!
You hear an angry hiss.
The gnoll closely misses you.
Found a scroll labeled GEH HIJAOC.
You closely miss the gnoll.
The kobold shouts!
Your grab misses the gnoll. The gnoll closely misses you.
You barely miss the gnoll. You grab the gnoll. You constrict the gnoll.
A leopard gecko comes into view.
The kobold throws a stone.
The stone hits you but does no damage.
You release your grip on the gnoll.
The gnoll hits you from afar with a +0 spear!
Ouch! That really hurt!
The kobold throws a stone.
The stone hits you but does no damage.
You see here a stone.
The kobold throws a stone.
The stone hits you.
* * * LOW HITPOINT WARNING * * *
The gnoll hits you from afar with a +0 spear!
You die...

##.######.#####
# #......รท..#
#...(.....# ###
#.........#
....
#+##.........#
.#..
.............#
#..
...?(.......##
....
............#
.###
.......@....+
.......(....#
......sg....#
.......K..r.#
............#
............#
..............
.....####.#K##.
##### .#$l


You could see a gnoll, a giant cockroach, 2 kobolds and a rat.

Vanquished Creatures
  A leopard gecko (D:1)
  2 goblins (D:1)
  2 hobgoblins (D:1)
  6 jackals (D:1)
  A kobold (D:1)
  A ball python (D:1)
  2 bats (D:1)
  A rat (D:1)
16 creatures vanquished.

Notes
Turn   | Place    | Note
-------+----------+-------------------------------------------
     0 | D:1      | H0rd4k the Octopode Transmuter began the quest for the Orb.
     0 | D:1      | Reached XP level 1. HP: 13/13 MP: 3/3
    62 | D:1      | Reached XP level 2. HP: 11/18 MP: 5/5
   649 | D:1      | Slain by a gnoll

Illustrated notes

Levels and vault maps discovered:
D:1:      minmay_arrival_four_circles, layout_basic, minmay_tall_x

Action                   || total
-------------------------++-------
Melee: Unarmed           ||    36
       Constrict         ||    13
       Tentacles         ||     7
       Punch             ||     2
Armor: Skin              ||     4
Dodge: Dodged            ||    35
